 Dungeon Crawl Stone Soup version 0.29.0-4-gdea44cf6ec (webtiles) character file.

Game seed: 3763296746241348008

67 qw the Chopper (level 4, 0/26 HPs)
             Began as a Tengu Warper on Aug 28, 2022.
             Killed by divine providence
             ... invoked by an orc priest
              (10 damage)
             ... on level 3 of the Dungeon.
             The game lasted 00:00:14 (2301 turns).

qw the Chopper (Tengu Warper)                       Turns: 2301, Time: 00:00:15

Health: 0/26       AC:  6    Str: 13    XL:     4   Next: 18%
Magic:  8/8        EV:  9    Int: 14    God:
Gold:   160        SH:  0    Dex: 13    Spells: 7/7 levels left

rFire   . . .      SeeInvis .   Y - +0 hand axe
rCold   . . .      Faith    .   (no shield)
rNeg    . . .      Spirit   .   g - +0 scale mail
rPois   .          Reflect  .   (helmet restricted)
rElec   .          Harm     .   (no cloak)
rCorr   .          Rampage  .   (no gloves)
Will    .....                   (boots unavailable)
Stlth   ..........              (no amulet)
HPRegen 0.08/turn               (no ring)
MPRegen 0.11/turn               (no ring)

@: no status effects
A: beak, talons 3
a: no special abilities


You were on level 3 of the Dungeon.
You visited 1 branch of the dungeon, and saw 3 of its levels.

You collected 160 gold pieces.


Innate Abilities, Weirdness & Mutations

You have a beak for a mouth.
You have claws for feet.


   Skills:
 - Level 2.0 Fighting
 + Level 4.8 Axes
 - Level 1.0 Throwing
 - Level 1.1 Armour
 - Level 2.1 Dodging
 - Level 2.0 Spellcasting
 - Level 2.4 Translocations


You had 7 spell levels left.
You didn't know any spells.
Your spell library contained the following spells:

 Spells                   Type           Power      Damage    Failure   Level
 Blink                    Tloc           16%        N/A       54%         2
 Gell's Gravitas          Tloc           8%         N/A       78%         3
 Lesser Beckoning         Tloc           8%         N/A       78%         3
 Teleport Other           Tloc           8%         N/A       78%         3
 Manifold Assault         Tloc           8%         N/A       100%        5

Inventory:

Hand Weapons
 l - a +0 flail
 Y - a +0 hand axe (weapon)
Armour
 g - a +0 scale mail (worn)
Scrolls
 b - a scroll of teleportation {unknown}
Potions
 a - a potion of cancellation {unknown}
 c - a potion of brilliance {unknown}
 e - a potion of mutation {unknown}
 f - a potion of haste {unknown}
 j - 3 potions of curing {unknown}

Dungeon Overview and Level Annotations

Branches:
Dungeon (3/15)

Altars:

Shops:
D:1 *   D:2 =


Message History

The orc hits you but does no damage.
You hit the orc but do no damage.
The orc is severely wounded.
The orc completely misses you.
You slash the orc!
You kill the orc!
You hit the orc. The orc hits you with a +0 flail.
You closely miss the orc. Your kick misses the orc. You peck the orc.
The orc is almost dead.
The orc hits you with a +0 flail.
The orc wizard gestures at you while chanting.
You are confused.
The orc hits you but does no damage.
The orc wizard hits you but does no damage.
You completely miss the orc wizard. You claw the orc wizard.
The orc wizard is lightly wounded.
You hit the orc.
You kill the orc!
You completely miss the orc priest.
The orc priest calls upon Beogh to heal the orc wizard.
The orc wizard's wounds heal themselves!
The orc wizard hits you with a +0 dagger.
You closely miss the orc priest.
You hit the orc wizard but do no damage.
The orc wizard barely misses you.
The orc priest hits you with a +0 falchion.
You miss the orc priest. You claw the orc priest.
The orc priest is moderately wounded.
You closely miss the orc wizard.
The orc wizard hits you with a +0 dagger.
The orc priest hits you with a +0 falchion.
You miss the orc priest. Your kick misses the orc priest.
The orc priest is moderately wounded.
You hit the orc wizard.
You feel less confused.
The orc wizard hits you but does no damage.
The orc priest invokes the aid of Beogh against you.
Beogh smites you!
You die...

#.....# #.# #.....#
#.# #.....####.#
#########.....#....#
........##......####
........##%.......###
........#...........#
........'...........#
........#.......@)..#
........#.......oo..#
........#########.###
#.......# #.#
#.####### #.# ..# #.#
.## #.# ## #.#


You could see an orc priest and an orc wizard.

Vanquished Creatures
  A gnoll (D:2)
  An adder (D:2)
  A dart slug (D:1)
  3 orcs (D:3)
  3 bats
  4 endoplasms
  2 giant cockroaches
  5 goblins
  4 hobgoblins
  7 kobolds
  A quokka (D:1)
  4 ball pythons
  2 frilled lizards (D:3)
  2 rats
40 creatures vanquished.

Notes
Turn   | Place    | Note
-------+----------+-------------------------------------------
     0 | D:1      | qw the Tengu Warper began the quest for the Orb.
     0 | D:1      | Reached XP level 1. HP: 12/12 MP: 4/4
     0 | D:1      | 0 ||| qw: Version: 0.1-a-89-g26bdef1
     0 | D:1      | 0 ||| qw: Game counter: 546
     0 | D:1      | 0 ||| qw: Always use a shield: true
     0 | D:1      | 0 ||| qw: God list: Okawaru
     0 | D:1      | 0 ||| qw: Allow faded altars: false
     0 | D:1      | 0 ||| qw: Do Orc after D:15 true
     0 | D:1      | 0 ||| qw: Do second Lair branch before Depths: true
     0 | D:1      | 0 ||| qw: Lair rune preference: random
     0 | D:1      | 0 ||| qw: Plans: Normal
     0 | D:1      | 0 ||| PLANNING D:1-11
    30 | D:1      | Found Borghamea's General Store.
    44 | D:1      | 44 ||| SHOPLISTING +0 ring mail (40 gold, have 11).
    44 | D:1      | 44 ||| SHOPLISTING scroll of identify (20 gold, have 11).
    44 | D:1      | 44 ||| SHOPLISTING scroll of teleportation (30 gold, have
                  | 11).
    82 | D:1      | 82 ||| Stepping ~*~*~tactically~*~*~ (stealth).
   124 | D:1      | Reached XP level 2. HP: 17/17 MP: 6/6
   141 | D:1      | Reached skill level 3 in Axes
   173 | D:1      | 173 ||| Stepping ~*~*~tactically~*~*~ (stealth).
   177 | D:1      | 177 ||| Stepping ~*~*~tactically~*~*~ (stealth).
   180 | D:1      | 180 ||| Stepping ~*~*~tactically~*~*~ (stealth).
   195 | D:1      | 195 ||| Stepping ~*~*~tactically~*~*~ (stealth).
   342 | D:1      | HP: 4/17 [poisoned by a kobold]
   736 | D:1      | 736 ||| DROPPING +0 club.
   932 | D:1      | Reached XP level 3. HP: 15/21 MP: 7/7
  1086 | D:1      | 1086 ||| DROPPING scroll of blinking.
  1155 | D:2      | Reached skill level 4 in Axes
  1210 | D:2      | Found a faded altar of an unknown god.
  1567 | D:2      | 1567 ||| DROPPING +0 whip.
  1739 | D:2      | Found Quodutuf's Jewellery Shop.
  1750 | D:2      | 1750 ||| SHOPLISTING amulet of guardian spirit (420 gold,
                  | have 138).
  1750 | D:2      | 1750 ||| SHOPLISTING amulet of regeneration (420 gold, have
                  | 138).
  1750 | D:2      | 1750 ||| SHOPLISTING ring of Acupt {Ice rN+ Will+ SInv}
                  | (644 gold, have 138).
  1750 | D:2      | 1750 ||| SHOPLISTING ring of positive energy (280 gold,
                  | have 138).
  1792 | D:2      | Reached XP level 4. HP: 26/26 MP: 8/8
  1955 | D:2      | 1955 ||| UPGRADING to +0 ring mail.
  1965 | D:2      | 1965 ||| DROPPING +0 leather armour.
  1966 | D:2      | 1966 ||| UPGRADING to +0 scale mail.
  1976 | D:2      | 1976 ||| DROPPING +0 ring mail.
  1977 | D:2      | 1977 ||| DROPPING ring of flight.
  1978 | D:2      | 1978 ||| READING scroll labelled QAN CI NADO.
  1979 | D:2      | 1979 ||| READING scroll labelled HULEGUTAOKE.
  1980 | D:2      | 1980 ||| DRINKING 2 bubbling cyan potions.
  2009 | D:2      | 2009 ||| DROPPING potion of lignification.
  2301 | D:3      | Killed from afar by an orc priest

Levels and vault maps discovered:
D:1:      lemuel_arrival_hallway, layout_basic, serial_shops,
          nicolae_shop_waterfront, serial_rivers,
          chequers_serial_rivers_large_a, chequers_serial_rivers_micro_a,
          chequers_serial_rivers_micro_d, chequers_serial_rivers_large_b,
          chequers_serial_rivers_micro_b, skrybe_limestone_x,
          chequers_serial_rivers_room_b, glass_columns_a,
          kennysheep_another_room
D:2:      layout_basic, serial_shops, nicolae_shop_trees,
          shapermc_ecumenical_altar_totnotflames, st_stairs_7,
          minmay_fountain_box, minmay_misc_feat_tower
D:3:      layout_basic, mainiacjoe_overflow_alcove_3, lemuel_crystal_altar

Skill      XL: |  1  2  3 |
---------------+----------+-----
Axes           | 3 4 |  4.8
Fighting       | |  2.0
Throwing       | |  1.0
Armour         | |  1.1
Dodging        | |  2.1
Spellcasting   | |  2.0
Translocations | |  2.4

Action                   |  1- 3 |  4- 6 || total
-------------------------+-------+-------++-------
Melee: Hand axe          |    66 |    24 ||    90
       Peck              |     8 |     2 ||    10
       Kick              |    15 |     4 ||    19
Throw: Boomerang         |     7 |       ||     7
  Use: Scroll            |       |     2 ||     2
       Potion            |       |     1 ||     1
Armor: Leather armour    |    13 |       ||    13
       Scale mail        |       |     9 ||     9
Dodge: Dodged            |    30 |     6 ||    36

Table legend:
 A = Non-vault XP
 B = Vault XP
 C = Vault XP percentage of total XP
 D = Non-vault monster count
 E = Vault monster count
 F = Vault count percentage of total count
                 A         B        C        D         E       F
            +---------+---------+-------+---------+---------+-------
      Total |      83 |      14 |  14.4 |      39 |       1 |   2.5
            +---------+---------+-------+---------+---------+-------
        D:1 |      39 |       0 |   0.0 |      20 |       0 |   0.0
        D:2 |      31 |      14 |  31.1 |      12 |       1 |   7.7
        D:3 |      13 |       0 |   0.0 |       7 |       0 |   0.0
            +---------+---------+-------+---------+---------+-------
